Cogmind - Beta 13 @@@ ROGUE MODE // 2024.04.17 @ 00:37:01 Player: AntinDisguise Result: Destroyed by G-34 Mercenary with Small Laser Performance ------------- Evolutions (1) 500 Regions Visited (2) 400 Robots Destroyed (12) 60 Value Destroyed (238) 238 Prototype IDs (0) 0 Alien Tech Used (0) 0 Bonus (0) 0 TOTAL SCORE: 1198 Bonus ------- None Cogmind --------- Core Integrity 0/400 Matter 270/300 Energy 50/100 System Corruption 0% Temperature Cool (10) Movement Treading (160) Location -9/Materials Parts ------- > --- POWER (2) -------- (None) > --- PROPULSION (2) --- Light Treads Light Treads > --- UTILITY (3) ------ Large Storage Unit > --- WEAPON (2) ------- Particle Gun > --- INVENTORY (15) --- Light Treads Light Treads Peak State ------------ > --- POWER ------------ Ion Engine Ion Engine > --- PROPULSION ------- Wheel Wheel > --- UTILITY ---------- Large Storage Unit Light Armor Plating > --- WEAPON ----------- Medium Laser Medium Laser > --- INVENTORY -------- Light Treads Light Treads Light Treads Light Treads [Rating: 8] Favorites ----------- Power Ion Engine Engine Ion Engine Propulsion Wheel Treads Light Treads Wheel Wheel Utility Large Storage Unit Storage Large Storage Unit Protection Light Armor Plating Weapon Medium Laser Energy Gun Medium Laser Build | -11 -10 -9 ------- Run | Yrd Mat Mat Slots Evolved 2 | . . 2 Power 1 | . . 1 Propulsion . | . . . Utility 1 | . . 1 Weapon . | . . . Parts Attached 14 | 7 3 4 Power 3 | 1 1 1 Engine 3 | 1 1 1 Core . | . . . Reactor . | . . . Propulsion 5 | 3 . 2 Treads 3 | 1 . 2 Leg . | . . . Wheel 2 | 2 . . Hover . | . . . Flight . | . . . Utility 3 | 1 2 . Device . | . . . Storage 2 | 1 1 . Processor . | . . . Hackware . | . . . Protection 1 | . 1 . Artifact . | . . . Weapon 3 | 2 . 1 Energy Gun 3 | 2 . 1 Energy Cannon . | . . . Ballistic Gun . | . . . Ballistic Cannon . | . . . Launcher . | . . . Special Weapon . | . . . Impact Weapon . | . . . Slashing Weapon . | . . . Piercing Weapon . | . . . Special Melee Weapon . | . . . Unidentified Prototypes . | . . . Parts Lost 7 | . . 7 Power 2 | . . 2 Propulsion 2 | . . 2 Utility 1 | . . 1 Weapon 2 | . . 2 Highest Loss Streak 7 | . . 7 To Critical Strikes . | . . . Average Slot Usage (%) 91 | . 99 54 Engine 13 | . 14 13 Wheel 25 | . 28 13 Storage 13 | . 14 11 Protection 12 | . 13 5 Energy Gun 25 | . 28 12 Naked Turns . | . . . Heaviest Build 37 | 12 32 37 Greatest Support 20 | 20 20 20 Greatest Overweight (x) 6 | 1 1 6 Average Overweight (x) . | . . 1 Largest Inventory Capacity 15 | 8 15 15 Average Capacity 14 | 7 14 15 Most Carried 5 | 4 5 5 Average Carried 3 | 2 3 3 Final Capacity 15 | 8 15 15 Final Carried 5 | 2 5 2 Class Distribution -------------------- 100% | Mutant Dominant Class ---------------- Mutant | -10/Materials Mutant | -9/Materials Resources | -11 -10 -9 ----------- Run | Yrd Mat Mat Matter Collected 300 | 179 121 . Remotely . | . . . Salvage Created 380 | . 349 31 Parts 18 | . 18 . Haulers Intercepted 1 | . 1 . Recyclers Shooed . | . . . Parts Field Recycled . | . . . Retrieved Matter . | . . . Parts Self-Destructed . | . . . Prevented . | . . . Kills | -11 -10 -9 ------- Run | Yrd Mat Mat Combat Hostiles Destroyed 10 | . 8 2 Guns 10 | . 8 2 Classes Destroyed 4 | . 4 . Hauler 1 | . 1 . Watcher 1 | . 1 . Swarmer 5 | . 3 2 Grunt 5 | . 5 . Best Kill Streak 3 | . 3 2 Combat Bots Only 3 | . 3 2 Max Kills in Single Turn 1 | . 1 1 Gunslinging . | . . . Exploded . | . . . Melee . | . . . Uniques/NPCs Destroyed . | . . . Combat | -11 -10 -9 -------- Run | Yrd Mat Mat Hostile Shots Fired 119 | . 27 92 Missed 27 | . 5 22 Damage Taken 1012 | . 216 796 Core 502 | . 91 411 Absorbed by Shields . | . . . Core Remaining (%) 81 | 100 63 . Volleys Fired 33 | . 25 8 Largest 2 | . 2 2 Hottest 100 | . 100 100 Shots Fired 64 | . 50 14 Gun 64 | . 50 14 Cannon . | . . . Launcher . | . . . Special . | . . . Kinetic . | . . . Thermal 64 | . 50 14 Explosive . | . . . Electromagnetic . | . . . Robot Hit Streak 15 | . 15 6 Robot Miss Streak 5 | . 5 4 Penetration Max . | . . . Secondary Targets 1 | . . 1 Max Gunslinging Chain 1 | . . 1 Shots Hit Robots 40 | . 33 7 Core Hits 20 | . 17 3 Critical Kills . | . . . Critical Parts Destroyed . | . . . Critical Strikes 6 | . 5 1 Burn 6 | . 5 1 Melee Attacks . | . . . Impact . | . . . Slashing . | . . . Piercing . | . . . Sneak Attacks . | . . . Combat Hostiles . | . . . Follow-up Attacks . | . . . Damage Inflicted 542 | . 425 117 Guns 538 | . 425 113 Cannons . | . . . Explosions . | . . . Melee . | . . . Ramming 4 | . . 4 Kinetic . | . . . Thermal 538 | . 425 113 Explosive . | . . . Electromagnetic . | . . . Impact . | . . . Slashing . | . . . Piercing . | . . . Highest Corruption . | . . . Average Corruption . | . . . Corruption Purged . | . . . Corruption Blocked . | . . . Overload Shots . | . . . Overflow Damage . | . . . Projectiles . | . . . Explosions . | . . . Melee . | . . . Knockbacks . | . . . Impact . | . . . Kinetic . | . . . Secondary . | . . . Self-Inflicted Damage 1 | . . 1 Shots . | . . . Rammed 4 | . . 4 Targets Rammed 4 | . . 4 Kicked . | . . . Crushed . | . . . Highest Temperature 344 | . 270 344 Average Temperature 110 | . 92 176 Received Heat Transfer 399 | . 84 315 Effects 1 | . 1 . Energy Bleed 1 | . 1 . Siege Activations . | . . . Robots Corrupted . | . . . Combat Hostiles . | . . . Parts Fried . | . . . Impact Corruptions . | . . . Robots Melted . | . . . Combat Hostiles . | . . . Parts Melted 3 | . 3 . Heat Transferred 2035 | . 1628 407 Parts Sabotaged . | . . . Parts Stolen . | . . . Parts Stripped . | . . . Power Chain Reactions . | . . . Alert | -11 -10 -9 ------- Run | Yrd Mat Mat Peak Influence 285 | . 285 104 Initial 48 | . . 48 Average 102 | . 121 62 Maximum Alert Level 1 | . 1 . Low Security (%) 83 | 100 78 100 Level 1 16 | . 21 . Level 2 . | . . . Level 3 . | . . . Level 4 . | . . . Level 5 . | . . . High Security . | . . . Max Security . | . . . Squads Dispatched 3 | . 3 . Investigation 1 | . 1 . Extermination . | . . . Reinforcement 2 | . 2 . Assault . | . . . Garrison . | . . . Intercept . | . . . Searches Triggered . | . . . Construction Impeded . | . . . Haulers Reinforced . | . . . Active Scanning Responses . | . . . Cargo Convoy Interrupts . | . . . Stealth | -11 -10 -9 --------- Run | Yrd Mat Mat Distress Signals 1 | . 1 . Communications Jammed . | . . . Distress Signals . | . . . Times Spotted 22 | . 12 10 Peak Tracking Total 6 | . 3 6 Tactical Retreats 2 | . . 2 Traps | -11 -10 -9 ------- Run | Yrd Mat Mat Traps Triggered 1 | . 1 . Indirectly . | . . . Trap Hack Attempts . | . . . Triggered . | . . . Disarmed . | . . . Reprogrammed . | . . . Reused . | . . . Traps Extracted . | . . . Installed . | . . . Triggered . | . . . Machines | -11 -10 -9 ---------- Run | Yrd Mat Mat Machines Disabled . | . . . Max in Single Turn . | . . . Machines Repaired . | . . . Machines Dismantled . | . . . Machines Sabotaged . | . . . Overloaded Fab Kills . | . . . Hacking | -11 -10 -9 --------- Run | Yrd Mat Mat Machines Accessed 4 | . 3 1 Terminals 2 | . 2 . Fabricators . | . . . Repair Stations . | . . . Recycling Units 1 | . 1 . Scanalyzers 1 | . . 1 Garrison Access . | . . . Total Hacks 7 | . 5 2 Successful 6 | . 4 2 Failed 1 | . 1 . Catastrophic . | . . . Database Lockouts . | . . . Manual . | . . . Terminals 4 | . 4 . Fabricators . | . . . Repair Stations . | . . . Recycling Units 1 | . 1 . Scanalyzers 2 | . . 2 Garrison Access . | . . . Terminal Hacks 3 | . 3 . Alert Level 1 | . 1 . Zone Layout 2 | . 2 . Fabricator Hacks . | . . . Repair Station Hacks . | . . . Recycling Unit Hacks 1 | . 1 . Retrieve Components 1 | . 1 . Scanalyzer 2 | . . 2 Insert Component 1 | . . 1 Analyze 1 | . . 1 Garrison Access Hacks . | . . . Unauthorized Hacks . | . . . Terminals . | . . . Fabricators . | . . . Repair Stations . | . . . Recycling Units . | . . . Scanalyzers . | . . . Garrison Access . | . . . Data Cores Recovered . | . . . Used . | . . . Hacking Detections 3 | . 2 1 Full Trace Events . | . . . Feedback Events . | . . . Feedback Blocked . | . . . Robot Schematics Acquired . | . . . Robots Built . | . . . Authchips . | . . . Time . | . . . Total Robot Build Rating . | . . . Part Schematics Acquired 1 | . . 1 Parts Built . | . . . Authchips . | . . . Time . | . . . Total Part Build Rating . | . . . Parts Repaired . | . . . Time . | . . . Parts Recycled . | . . . Recycled Matter . | . . . Retrieved Matter . | . . . Retrieved Components 1 | . 1 . Parts Scanalyzed 1 | . . 1 Part Schematics Acquired 1 | . . 1 Parts Damaged 1 | . . 1 Bothacking | -11 -10 -9 ------------ Run | Yrd Mat Mat Used RIF Installer . | . . . Robots Hacked . | . . . Non-combat . | . . . Combat . | . . . Robot Hacks Applied . | . . . Relay Couplers Released . | . . . Fabnet Peak Effective % . | . . . Robots Rewired . | . . . Allies Hacked . | . . . Hacks Repelled . | . . . Allies | -11 -10 -9 -------- Run | Yrd Mat Mat Total Allies . | . . . Largest Group . | . . . Highest-Rated Group . | . . . Highest-Rated Ally . | . . . Total Orders . | . . . Ally Attacks . | . . . Total Damage . | . . . Kills . | . . . Allies Corrupted . | . . . Allies Melted . | . . . Intel | -11 -10 -9 ------- Run | Yrd Mat Mat Robot Analysis Total . | . . . Derelict Logs Recovered . | . . . Drone Launches . | . . . Drone Recoveries . | . . . Exploration | -11 -10 -9 ------------- Run | Yrd Mat Mat Turns Passed 684 | 53 522 109 Spaces Moved 459 | 48 360 51 Core 24 | 17 . 7 Treads . | . . . Legs . | . . . Wheels 435 | 31 360 44 Hover . | . . . Flight . | . . . Fastest Speed 50 | 50 80 95 Average Speed 96 | 78 93 130 Slowest Speed 350 | 100 95 350 Overloaded Moves . | . . . Propulsion Burnouts . | . . . Robots Hopped . | . . . Cave-ins Triggered . | . . . Exploration Rate (%) 20 | 3 51 7 Regions Visited 2 Branch Regions . Pre-discovered Areas . | . . . Known Exits Taken . | . . . Unknown Exits Taken 2 | 1 1 . Scrap Searched . | . . . Spaces Dug . | . . . Terrain Destroyed . | . . . Melee . | . . . Projectile . | . . . AOE . | . . . Terrain Rammed . | . . . Walls Destroyed . | . . . Machines Disabled . | . . . Actions | -11 -10 -9 --------- Run | Yrd Mat Mat Total 628 | 63 495 70 Wait 100 | . 100 . Move 457 | 47 359 51 Hop . | . . . Pick Up 16 | 8 6 2 Fast Attach . | . . . Attach 13 | 7 2 4 Detach 1 | 1 . . Swap 1 | . 1 . Drop 3 | . 2 1 Fire 33 | . 25 8 Melee . | . . . Ram 4 | . . 4 Kick . | . . . Crush . | . . . Escape Stasis . | . . . Rewire . | . . . Trap . | . . . Miscellaneous . | . . . Route ------- -11/Scrapyard -10/Materials (discovered 2 exits: *Mat / [*Min]) -9/Materials History --------- Turn | Location | Event 32 | -11/Scrapyard | Discovered new exit (range 15) 54 | -11/Scrapyard | Entered Materials 264 | -10/Materials | Discovered new exit (range 15) 305 | -10/Materials | Build established: Mutant 562 | -10/Materials | Discovered new exit (range 8) 576 | -10/Materials | Entered another Materials area 576 | -9/Materials | Evolved 2 slots: Power x1, Utility x1 653 | -9/Materials | Core integrity fell below 50% 668 | -9/Materials | Core integrity fell below 20% 673 | -9/Materials | Lost 7 parts (2p2n1u2w) 685 | -9/Materials | Destroyed by G-34 Mercenary with Small Laser Last Messages --------------- S-10 Pest destroyed. Switching to secondary target: G-47 Trooper. Ion Engine destroyed. G-47 Trooper suffers critical hit (Burn). R-06 Scavenger collects Lgt. Ion Engine. Med. Laser destroyed. Wheel destroyed. Ion Engine destroyed. Slammed into G-47 Trooper. Wheel broken. Destabilizing: Short circuit. Broken Wheel destroyed. Critical hit (Burn: +37). Slammed into G-47 Trooper. G-47 Trooper heat spikes uncontrollably. G-47 Trooper heat damages Particle Gun, Aluminum Leg. G-47 Trooper heat damages Particle Gun. G-47 Trooper heat spikes uncontrollably. G-47 Trooper overheating. Acquired Particle Gun. Map ----- +----------------------------------------------------+ | ?????????????????????????????????????????? | | ?????????????????????????????????????????? | | ?????????????????????????????????????????? | | ?????????????????????????????????????????? | | ?????????????????????????????????????????? | | ?????????????????????????????????????????? | | ?????????????????????????????????????????? | | ?????????????????????????????????????????? | | ?????????????????????????????????????????? | | ?????????????????????????????????????????? | | ???????????????? ????????????????????????? | | ???????????????? ????????????????????????? | | ???????????????? ? ??????????????????????? | | ???????????????? ??????????????????????? | | ????????????????? ??????????????????????? | | ????????????????? ??????????????????????? | | ????????????????? ??????????????????????? | | ?????????????????#"??????????????????????? | | ?????????????????# #??###########????????? | | ?????" ???????#### #### #????????? | | ?????" #?????# # =#????????? | | ?????" ##### # !=] #????????? | | ????? # != """ #????????? | | ???? s != """ #????????? | | ????? #g """ #????????? | | ?????? ##### # @ #????????? | | ??????????????# % # #????????? | | ??????????????####%##############????????? | | ?????????????????#%#?????????????????????? | | ???????????????###/####??????????????????? | | ???????????????# = #??????????????????? | | ???????????????# % #??????????????????? | | ???????????????# "S%% #??????????????????? | | ???????????????# """ #??????????????????? | | ???????????????# "" #??????????????????? | | ???????????????# #??????????????????? | | ?????????##########+####?????????????????? | | ?? #?????????????????? | | ???? T #?????????????????? | | ??? #?????????????????? | | ???# ###############?????????????????? | | ???###???????????????????????????????????? | | ?????????????????????????????????????????? | | ?????????????????????????????????????????? | | ?????????????????????????????????????????? | | ?????????????????????????????????????????? | | ?????????????????????????????????????????? | | | | | | | +----------------------------------------------------+ Best States ------------- Heat Dissipation 28 Energy Generation 15 Energy Capacity 400 Matter Stores 300 Matter Capacity 300 Sight Range 16 Terrain Scan Density 10 Armor Coverage 150 Evasion (%) 50 Item Schematics ----------------- Mni. Grenade Launcher | -9/Materials | Scanalyzed Robot Schematics ------------------ None Fabricated ------------ Nothing Alien Tech Used ----------------- None Achievements -------------- None Challenges ------------ None Game ------ Seed MiningLongswordLoader Manual? 0 Play Time 00:07:30 Cumulative 20.0 hours Start 2024.04.17 @ 00:30:39 End 2024.04.17 @ 00:37:01 Sessions 1 Manual Loads 0 Difficulty Rogue Special Mode None Game No. 47 Rogue 45 Adventurer 2 Explorer 0 Win Type - Total 0 Types 0/0/0/0/0/0/0/0/0 Lore% 19 Gallery% 27 Achievement% 19 Wizard Run 0 Options --------- Layout 1 ASCII 0 Keyboard 0 Movement Mouse Keybinds 0 Fullscreen 1 Font 16/SmallcapsGlow Map View 27x19 Zoom Use 99% Tactical HUD 0 Map Filters NONE Filters NONE Steam 1 RUN: e55ca8e3-0dc3-40ee-92f3-df04684995ae